 Dungeon Crawl Stone Soup version 0.22-a0-147-gfdd7f25 (webtiles) character file.

1244 KristoblXynda the Carver (level 8, -13/67 HPs)
             Began as a Naga Gladiator on Feb 6, 2018.
             Was an Initiate of Ashenzari.
             Killed from afar by Dowan (19 damage)
             ... with a shard of ice
             ... on level 6 of the Dungeon.
             The game lasted 00:10:32 (5632 turns).

KristoblXynda the Carver (Naga Gladiator)           Turns: 5632, Time: 00:10:34

Health: -13/67     AC:  6    Str: 17    XL:     8   Next: 50%
Magic:  8/8        EV: 11    Int: 10    God:    Ashenzari [......]
Gold:   102        SH:  0    Dex: 13    Spells: 7/7 levels left

rFire    . . .     SeeInvis +   a - +1 long sword
rCold    . . .     Gourm    .   (no shield)
rNeg     . . .     Faith    .   r - +0 ring mail
rPois    +         Spirit   .   c - +0 helmet
rElec    .         Reflect  .   (no cloak)
rCorr    +         Harm     .   (no gloves)
MR       +....                  (no barding)
Stlth    +.........             i - amulet of regeneration (curse)
HPRegen  0.61/turn              o - ring of resist corrosion (curse)
MPRegen  0.11/turn              (no ring)

@: very slow
A: large, see invisible, deformed body, poison resistance, slowness 2, slow
metabolism 1, spit poison 1, AC +2
a: Spit Poison, Curse Item, Renounce Religion


You were on level 6 of the Dungeon.
You worshipped Ashenzari.
Ashenzari was noncommittal.
You were hungry.

You visited 2 branches of the dungeon, and saw 7 of its levels.

You collected 102 gold pieces.

Inventory:

Hand Weapons
 a - a +1 long sword (weapon)
Missiles
 d - 3 throwing nets (quivered)
Armour
 c - a +0 helmet (worn)
 r - a +0 ring mail (worn)
Jewellery
 i - a cursed amulet of regeneration (around neck)
 o - a cursed ring of resist corrosion (left hand)
Scrolls
 g - 2 scrolls of remove curse
 h - a scroll of immolation
 k - 3 scrolls of amnesia
 p - 3 scrolls of teleportation
Potions
 j - a potion of mutation
 n - a potion of magic
 q - a potion of haste
 s - a potion of resistance
 u - a potion of brilliance
Comestibles
 f - 10 rations


   Skills:
 - Level 2.0 Fighting
 * Level 8.6 Long Blades
 - Level 2.0 Throwing
 + Level 5.3 Dodging


You had 7 spell levels left.
You didn't know any spells.

Dungeon Overview and Level Annotations

Branches:
Dungeon (6/15)             Temple (1/1) D:5

Altars:
Ashenzari
Cheibriados
Dithmenos
Elyvilon
Fedhas
Gozag
Hepliaklqana
Makhleb
Nemelex Xobeh
Okawaru
Qazlal
Ru
Sif Muna
Trog
Uskayaw
Vehumet
Wu Jian
Zin
The Shining One

Shops:
D:5 :*}(!

Annotations:
D:6 Dowan


Innate Abilities, Weirdness & Mutations

You cannot wear boots.
Your serpentine skin is tough. (AC +2)
You have supernaturally acute eyesight. (SInv)
Armour fits poorly on your strangely shaped body.
Your system is resistant to poisons. (rPois)
You cover ground very slowly.
You have a slow metabolism.
You can spit poison.


Message History

an uncursed rapier; an uncursed leather armour
Press: ? - help, Shift-Dir - straight line, f - Dowan
Aim: Dowan, wielding a dagger and wearing a robe (fast)
The splash of poison hits Dowan.
Dowan is moderately wounded.
You feel slightly more hungry.
Dowan points at you and mumbles some strange words.
The shard of ice hits you!
* * * LOW HITPOINT WARNING * * *
You feel better. Dowan casts a spell at you. The shard of ice hits you!
* * * LOW HITPOINT WARNING * * *
You slash Dowan!
Dowan is heavily wounded.
You have got your breath back.
Dowan shakes with grief.
Dowan points at you and mumbles some strange words.
The shard of ice hits you!
You die...

......# ..... ..... ... ...
######. .. #.# ....... ...
#.# ###§....# ##.. #.#
##§§.....# ...>### #@#
####§§§§....# #.....
#e###.§.§§§#######
#.....###.##....§§§##....#
###.#.............§§......#
..........).....#....<....#
.###.##.#.....###...#######
###...............###
##.........##......#
...........##......#


You could see Dowan.

Vanquished Creatures
  Sigmund (D:3)
  Duvessa (D:6)
  2 sky beasts (D:5)
  An ogre (D:6)
  2 crimson imps
  A bullfrog zombie (D:5)
  A centaur skeleton (D:4)
  4 orc priests
  A bullfrog skeleton (D:4)
  4 orc wizards
  An iguana (D:4)
  A worker ant (D:4)
  A hound zombie (D:5)
  2 worker ant zombies (D:6)
  4 gnolls (D:2)
  6 adders
  5 oozes
  An adder skeleton (D:4)
  3 worms
  A dart slug (D:2)
  3 leopard geckos
  19 orcs
  7 bats
  10 giant cockroaches
  5 goblins
  8 hobgoblins
  9 jackals
  4 quokkas
  2 ball pythons
  6 frilled lizards
  5 kobolds
  A quokka skeleton (D:5)
  10 rats
132 creatures vanquished.

Notes
Turn   | Place    | Note
-------+----------+-------------------------------------------
     0 | D:1      | KristoblXynda the Naga Gladiator began the quest for the Orb.
     0 | D:1      | Reached XP level 1. HP: 19/19 MP: 1/1
     1 | D:1      | Found a runed door.
   152 | D:1      | Reached XP level 2. HP: 26/26 MP: 2/2
   801 | D:1      | Reached XP level 3. HP: 32/32 MP: 3/3
   831 | D:1      | Reached skill level 4 in Long Blades
   838 | D:1      | Reached XP level 4. HP: 24/39 MP: 4/4
  1567 | D:2      | Reached XP level 5. HP: 35/45 MP: 5/5
  1625 | D:2      | Reached skill level 5 in Long Blades
  2037 | D:3      | Found a burning altar of Makhleb.
  2037 | D:3      | Found a shadowy altar of Dithmenos.
  2375 | D:3      | Reached XP level 6. HP: 43/52 MP: 6/6
  2636 | D:3      | Noticed Sigmund
  2648 | D:3      | Killed Sigmund
  2648 | D:3      | Reached skill level 6 in Long Blades
  3243 | D:4      | Found a sparkling altar of Nemelex Xobeh.
  3310 | D:4      | Reached XP level 7. HP: 51/60 MP: 7/7
  4258 | D:4      | Reached skill level 7 in Long Blades
  4545 | D:5      | Entered Level 5 of the Dungeon
  4568 | D:5      | Found Goosch's Book Emporium.
  4984 | D:5      | Reached XP level 8. HP: 65/67 MP: 8/8
  5176 | D:5      | Found Patumaele's Serpentskin Sales.
  5237 | D:5      | Found a staircase to the Ecumenical Temple.
  5302 | Temple   | Entered the Ecumenical Temple
  5306 | Temple   | Became a worshipper of Ashenzari the Shackled
  5394 | D:5      | Found Xoamitate's Weapon Shop.
  5410 | D:5      | Found Zovveu's Distillery.
  5421 | D:5      | Reached skill level 8 in Long Blades
  5421 | D:5      | Reached skill level 5 in Dodging
  5423 | D:5      | Found Zocelepsairi's Gadget Shop.
  5588 | D:6      | Noticed Duvessa
  5588 | D:6      | Noticed Dowan
  5627 | D:6      | Killed Duvessa
  5632 | D:6      | Killed from afar by Dowan

Vault maps used:
D:1:      dpeg_arrival_caged_fury
D:3:      gammafunk_temple_overflow_wave, guppyfry_early_lair_pool, uniq_sigmund
D:4:      nemelex_xobeh_ov_fountains_minmay
D:5:      lemuel_ice_spiral_2, minmay_temple_entry_butterflies, serial_shops,
          shop, shop, kennysheep_mini, nicolae_shop_stone, first_ration,
          guppyfry_shop_venom
D:6:      kiku_gazebo_garden_becter, uniq_duvessa, uniq_crazy_yiuf_cottage,
          uniq_blork_the_orc
Temple:   nicolae_temple_x_marks_the_god

Skill      XL: |  1  2  3  4  5  6  7  8 |
---------------+-------------------------+-----
Throwing       | 2 |  2.0
Long Blades    | 4 5 6 7 8 |  8.6
Dodging        | 3 4 5 |  5.3
Fighting       | |  2.0

Action                   |  1- 3 |  4- 6 |  7- 9 || total
-------------------------+-------+-------+-------++-------
Melee: Long sword        |    88 |   167 |   196 ||   451
Invok: Curse Item        |       |       |     2 ||     2
 Abil: Spit Poison       |     4 |    19 |    15 ||    38
  Use: Scroll            |     1 |     2 |    11 ||    14
       Potion            |       |     2 |     4 ||     6
  Eat: Chunk             |       |     5 |     2 ||     7
       Ration            |       |     1 |     1 ||     2
Armor: Leather armour    |    30 |    53 |    12 ||    95
       Ring mail         |       |       |    56 ||    56
Dodge: Dodged            |    60 |    99 |   101 ||   260
       Rpst.: Long sword |    21 |    36 |    37 ||    94

Table legend:
 A = Spawn XP
 B = Non-spawn XP
 C = Spawn XP percentage of total XP
 D = Spawn monster count
 E = Non-spawn monster count
 F = Spawn count percentage of total count
 G = Total turns spent on level
                    A         B        C        D         E        F      G
               +---------+---------+-------+---------+---------+-------+---------
         Total |       0 |    1778 |   0.0 |       0 |     132 |   0.0 |  5632
               +---------+---------+-------+---------+---------+-------+---------
           D:1 |       0 |      87 |   0.0 |       0 |      42 |   0.0 |  1147
           D:2 |       0 |     164 |   0.0 |       0 |      19 |   0.0 |   780
           D:3 |       0 |     355 |   0.0 |       0 |      21 |   0.0 |  1289
           D:4 |       0 |     318 |   0.0 |       0 |      24 |   0.0 |  1329
           D:5 |       0 |     558 |   0.0 |       0 |      22 |   0.0 |   948
           D:6 |       0 |     296 |   0.0 |       0 |       4 |   0.0 |    78
               +---------+---------+-------+---------+---------+-------+---------
